 Dungeon Crawl Stone Soup version 0.27-a0-1532-gca18f49f40 (webtiles) character file.

Game seed: 2745579426044069931

11754 dolemite99 the Spear-Bearer (level 11, -4/85 HPs)
             Began as a Minotaur Fighter on July 13, 2021.
             Was a Follower of Uskayaw.
             Slain by a five-headed hydra (9 damage)
             ... on level 11 of the Dungeon.
             The game lasted 00:24:15 (18021 turns).

dolemite99 the Spear-Bearer (Minotaur Fighter)     Turns: 18021, Time: 00:24:15

Health: -4/85      AC: 15    Str: 25    XL:     11   Next: 53%
Magic:  16/16      EV:  4    Int:  5    God:    Uskayaw [*.....]
Gold:   85         SH:  0    Dex: 12    Spells: 10/10 levels left

rFire    + + .     SeeInvis .   b - +3 shortbow (vorpal)
rCold    . . .     Faith    +   (shield currently unavailable)
rNeg     . . .     Spirit   .   P - +0 chain mail {rF+}
rPois    .         Reflect  .   (helmet restricted)
rElec    +         Harm     .   L - +1 cloak
rCorr    .         Rampage  .   E - +2 pair of gloves
Will     +....                  (no boots)
Stlth    ..........             W - amulet of faith
HPRegen  0.24/turn              d - ring of willpower
MPRegen  0.15/turn              e - ring "Xeil" {Fly rElec rF+ Str+3}

@: lethally poisoned (-4 -> -37), flying, held, hasted and slowed
A: horns 2, retaliatory headbutt
a: Renounce Religion, Stomp


You were on level 11 of the Dungeon.
You worshipped Uskayaw.
Uskayaw was aware of your devotion.
You visited 1 branch of the dungeon, and saw 12 of its levels.

You collected 664 gold pieces.
You spent 579 gold pieces at shops.

Inventory:

Hand Weapons
 a - a +0 trident
 b - a +3 vorpal shortbow (weapon)
 y - the +8 falchion "Temu" {venom, rC+}
   (You found it on level 6 of the Dungeon)

   It poisons the flesh of those it strikes.
   rC:        It protects you from cold.
 I - a +0 glaive
 J - a +0 shortbow
 Q - a +0 mace
 R - a +0 glaive
Missiles
 g - 94 arrows (quivered ammo)
 h - 402 stones
 l - 244 bolts
 s - 4 poisoned darts
 D - 34 sling bullets
 K - 4 curare-tipped darts
Armour
 j - a +0 plate armour
 n - a +2 kite shield
 r - a +0 chain mail
 E - a +2 pair of gloves (worn)
 L - a +1 cloak (worn)
 P - a +0 chain mail of fire resistance (worn)
Magical Staves
 m - a staff of poison
 S - a staff of death
Jewellery
 d - a ring of willpower (left hand)
 e - the ring "Xeil" (right hand) {Fly rElec rF+ Str+3}
   (You found it on level 10 of the Dungeon)

   [ring of flight]

   Str:       It affects your strength (+3).
   rF:        It protects you from fire.
   rElec:     It insulates you from electricity.
   Fly:       It grants you flight.
 i - a ring of magical power
 x - an amulet of reflection
 G - a ring of fire
 H - the ring "Ciot Byrch" {Fly rElec rF+}
   (You acquired it on level 6 of the Dungeon)

   [ring of flight]

   rF:        It protects you from fire.
   rElec:     It insulates you from electricity.
   Fly:       It grants you flight.
 T - a ring of protection from fire
 U - a +6 ring of intelligence
 W - an amulet of faith (around neck)
Wands
 c - a wand of polymorph (13)
 f - a wand of mindburst (4)
 k - a wand of flame (28)
 v - a wand of iceblast (4)
 C - a wand of digging (5)
 X - a wand of charming (8)
Scrolls
 o - a scroll of fog
 q - 2 scrolls of amnesia
 u - 3 scrolls of noise
 N - 3 scrolls of vulnerability
 V - 2 scrolls of teleportation
Potions
 t - a potion of flight
 z - 6 potions of curing
 A - a potion of resistance
 B - a potion of attraction
 F - a potion of ambrosia {unknown}
 M - a potion of berserk rage
 O - a potion of mutation


   Skills:
 - Level 4.8 Fighting
 + Level 13.6 Polearms
 - Level 7.7 Bows
 - Level 4.8 Armour
 - Level 3.6 Shields
 - Level 9.0 Invocations
 - Level 7.0 Evocations


You had 10 spell levels left.
You didn't know any spells.
Your spell library contained the following spells:

 Spells                   Type           Power      Damage    Failure   Level
 Animate Skeleton         Necr           0%         N/A       98%         1
 Freeze                   Ice            0%         1d3       98%         1
 Pain                     Necr           0%         1d4       98%         1
 Sandblast                Erth           0%         2d4       98%         1
 Corpse Rot               Necr/Air       N/A        N/A       99%         2
 Passwall                 Tmut/Erth      0%         N/A       99%         2
 Conjure Flame            Conj/Fire      0%         6-21      100%        3
 Dazzling Flash           Conj/Hex       0%         N/A       100%        3
 Frozen Ramparts          Ice            0%         1d2       100%        3
 Gell's Gravitas          Tloc           0%         N/A       100%        3
 Ignite Poison            Fire/Tmut/Pois 0%         N/A       100%        3
 Mephitic Cloud           Conj/Pois/Air  0%         N/A       100%        3
 Portal Projectile        Hex/Tloc       0%         N/A       100%        3
 Teleport Other           Tloc           0%         N/A       100%        3
 Vampiric Draining        Necr           0%         2d6       100%        3
 Airstrike                Air            0%         N/A       100%        4
 Animate Armour           Summ/Erth      0%         N/A       100%        4
 Hailstorm                Conj/Ice       0%         3d3       100%        4
 Sticky Flame             Conj/Fire      0%         2d3       100%        4
 Summon Lightning Spire   Summ/Air       0%         N/A       100%        4
 Agony                    Necr           0%         N/A       100%        5
 Blade Hands              Tmut           0%         N/A       100%        5
 Excruciating Wounds      Necr           0%         N/A       100%        5
 Lee's Rapid Deconstruct  Erth           0%         3d5*      100%        5
 Lightning Bolt           Conj/Air       0%         1d11      100%        5
 Silence                  Hex/Air        0%         N/A       100%        5
 Dispersal                Tloc           0%         N/A       100%        6
 Iron Shot                Conj/Erth      0%         9d1       100%        6
 Lehudib's Crystal Spear  Conj/Erth      0%         10d2      100%        8


Dungeon Overview and Level Annotations

Branches:
Dungeon (12/15)            Temple (0/1) D:5             Orc (0/2) D:9
   Lair: D:8-11

Altars:
Fedhas
Gozag
Nemelex Xobeh
Sif Muna
Uskayaw
Xom
Yredelemnul
The Shining One

Shops:
D:5 ([=?!   D:8 =   D:10 (

Annotations:
D:6 exclusions: door and 1 more exclusion
D:7 1 runed translucent door, Crazy Yiuf, Joseph
D:10 exclusion: downstairs


Innate Abilities, Weirdness & Mutations

You have a pair of horns on your head.
You reflexively headbutt those who attack you in melee.


Message History

A gnoll comes into view. It is wielding a +2 antimagic whip.
The gnoll throws a curare-tipped dart.
The curare-tipped dart hits you.
You are more poisoned.
You have difficulty breathing.
You feel as though you will be slow longer.
You are too injured to fight recklessly!
You feel extremely sick.
The gnoll throws a curare-tipped dart.
The curare-tipped dart hits you.
You are more poisoned.
You have difficulty breathing.
You feel as though you will be slow longer.
The gnoll throws a curare-tipped dart.
The curare-tipped dart hits you.
You are lethally poisoned!
You have difficulty breathing.
You feel as though you will be slow longer.
Okay, then.
You feel much better.
You feel extremely sick.
A gnoll comes into view. It is wielding a +0 flail.
The gnoll throws a curare-tipped dart.
The curare-tipped dart hits you.
You are more poisoned.
You have difficulty breathing.
You feel as though you will be slow longer.
You feel yourself speed up.
* * * LOW HITPOINT WARNING * * *
You feel extremely sick.
The gnoll shouts!
The gnoll throws a throwing net.
The throwing net hits you.
You become entangled in the net!
The gnoll throws a curare-tipped dart.
The curare-tipped dart hits you.
You are more poisoned.
You have difficulty breathing.
* * * LOW HITPOINT WARNING * * *
You feel as though you will be slow longer.
The five-headed hydra bites you but does no damage. x2
The five-headed hydra bites you.
* * * LOW HITPOINT WARNING * * *
The five-headed hydra bites you but does no damage.
The five-headed hydra bites you!
You die...

#..# #..# #.#
#####..###..# #.######g.
............# #......g..
###.........# #......g..
#.........# #...g.....
#.........# #..g......
#.........#####.........
###.......................
................@D.?..(...
##.....)....#####.........
#..........# #.........
#..........# #.........
#..........# #..#######
#..........# #..#
#..........# #..#
#..........# #..#
##)).#####..#####..#


You could see a five-headed hydra, a gnoll sergeant and 3 gnolls.

Vanquished Creatures
  3 two-headed ogres
  Pikel (D:5)
  2 cyclopes
  Maurice (D:8)
  Psyche (D:9)
  Maggie (D:6)
  3 yaktaurs (D:11)
  2 trolls
  4 slime creatures (D:9)
  Sigmund (D:6)
  3 wraiths
  Eustachio (D:6)
  12 yaks
  6 vampire mosquitoes (D:10)
  A warg (D:9)
  An acid dragon (D:10)
  Edmund (D:6)
  2 orc warriors (D:9)
  A black bear (D:3)
  A necrophage (D:6)
  An ogre (D:5)
  2 centaurs
  2 phantoms
  A kobold brigand (D:7)
  4 bullfrogs
  A wyvern zombie (D:6)
  A wight (D:8)
  4 howler monkeys
  2 electric eels
  4 centaur zombies
  A human zombie (D:8)
  A jelly (D:8)
  7 orc priests
  A gnoll shaman (D:5)
  A hound (D:4)
  Jessica (D:2)
  4 orc wizards
  An iguana (D:4)
  5 killer bee zombies
  3 mummies (D:8)
  Robin (D:2)
  5 howler monkey zombies
  4 gnolls (D:5)
  2 adders
  3 white imps
  2 worms
  A dart slug (D:4)
  27 orcs
  12 endoplasms
  3 giant cockroaches
  12 goblins
  8 hobgoblins
  3 jackals (D:4)
  10 kobolds
  3 quokkas
  6 ball pythons
  6 bats
  8 frilled lizards
  2 rats
213 creatures vanquished.

Vanquished Creatures (others)
  3 fungi (D:11)
  37 plants
  3 toadstools (D:11)
43 creatures vanquished.

Grand Total: 256 creatures vanquished

Notes
Turn   | Place    | Note
-------+----------+-------------------------------------------
     0 | D:1      | dolemite99 the Minotaur Fighter began the quest for the
                  | Orb.
     0 | D:1      | Reached XP level 1. HP: 19/19 MP: 0/0
    67 | D:1      | Reached skill level 3 in Polearms
    79 | D:1      | Reached XP level 2. HP: 26/26 MP: 1/1
   276 | D:1      | Found a faded altar of an unknown god.
   303 | D:1      | Reached skill level 4 in Polearms
   313 | D:1      | Became a worshipper of Uskayaw the Reveller
   313 | D:1      | Reached * piety under Uskayaw
   532 | D:2      | Reached ** piety under Uskayaw
   691 | D:2      | Reached XP level 3. HP: 31/31 MP: 2/2
   702 | D:2      | Noticed Jessica
   711 | D:2      | Noticed Robin
   712 | D:2      | Killed Jessica
   713 | D:2      | Reached skill level 5 in Polearms
   718 | D:2      | Reached *** piety under Uskayaw
   784 | D:2      | Reached XP level 4. HP: 21/39 MP: 3/3
   790 | D:2      | Killed Robin
  1350 | D:2      | Noticed a phantom
  1366 | D:2      | Killed a phantom
  1367 | D:2      | Reached skill level 6 in Polearms
  1367 | D:2      | Reached XP level 5. HP: 27/45 MP: 4/4
  2146 | D:3      | Noticed a black bear
  2163 | D:3      | Killed a black bear
  2164 | D:3      | Reached skill level 7 in Polearms
  2164 | D:3      | Reached XP level 6. HP: 38/51 MP: 5/5
  2909 | D:3      | Reached skill level 8 in Polearms
  3280 | D:4      | Found a glowing golden altar of the Shining One.
  3924 | D:5      | Entered Level 5 of the Dungeon
  3943 | D:5      | Reached skill level 9 in Polearms
  4509 | D:5      | Found Noviotu's Antique Armour Shop.
  4514 | D:5      | Found Wetsu's Jewellery Emporium.
  4521 | D:5      | Found a shimmering altar of Xom.
  4522 | D:5      | Found a blossoming altar of Fedhas.
  4561 | D:5      | Reached XP level 7. HP: 45/57 MP: 6/6
  4576 | D:5      | Reached **** piety under Uskayaw
  4913 | D:5      | Found Roofrot's Magic Scroll Boutique.
  4919 | D:5      | Bought a scroll of fog for 22 gold pieces
  5099 | D:5      | Found Ryigroach's Antique Weapon Boutique.
  5248 | D:5      | Found Diklarch's Distillery.
  5256 | D:5      | Bought a potion of curing for 33 gold pieces
  5256 | D:5      | Bought a potion of lignification for 33 gold pieces
  5256 | D:5      | Bought a potion of degeneration for 11 gold pieces
  5569 | D:5      | Found a staircase to the Ecumenical Temple.
  5657 | D:6      | Noticed Sigmund
  5657 | D:6      | Noticed Pikel
  5675 | D:5      | Killed Pikel
  5676 | D:5      | Reached skill level 11 in Polearms
  5676 | D:5      | Reached XP level 8. HP: 64/64 MP: 7/7
  5888 | D:6      | Killed Sigmund
  6687 | D:6      | Reached skill level 1 in Bows
  6704 | D:6      | Identified the +8 falchion "Temu" {venom, rC+}
  6789 | D:6      | Identified a scroll of acquirement
  6789 | D:6      | Acquired the ring "Ciot Byrch" {Fly rElec rF+}
  6945 | D:6      | Noticed Eustachio
  6956 | D:6      | Killed Eustachio
  6963 | D:6      | Reached skill level 1 in Invocations
  7027 | D:6      | Noticed Maggie
  7043 | D:6      | Killed Maggie
  7044 | D:6      | Reached XP level 9. HP: 53/73 MP: 8/10
  7410 | D:6      | Found a shimmering blue altar of Sif Muna.
  7446 | D:6      | Noticed Edmund
  7457 | D:6      | Killed Edmund
  8176 | D:7      | Found a runed translucent door.
  8177 | D:7      | Noticed Crazy Yiuf
  8251 | D:7      | Reached skill level 5 in Invocations
  8812 | D:7      | Noticed Joseph
  9613 | D:8      | Found a basalt altar of Yredelemnul.
 10171 | D:8      | Found an opulent altar of Gozag.
 10246 | D:8      | Noticed a two-headed ogre
 10255 | D:8      | Killed a two-headed ogre
 10256 | D:8      | Reached skill level 5 in Bows
 10344 | D:8      | Reached ***** piety under Uskayaw
 10348 | D:8      | Reached XP level 10. HP: 75/80 MP: 14/14
 10358 | D:8      | Reached ****** piety under Uskayaw
 10392 | D:8      | Noticed Maurice
 10416 | D:8      | Killed Maurice
 10737 | D:8      | Found Fybos's Jewellery Boutique.
 10751 | D:8      | Noticed a two-headed ogre
 10759 | D:8      | Killed a two-headed ogre
 12129 | D:9      | Reached skill level 1 in Evocations
 12184 | D:9      | Found a staircase to the Orcish Mines.
 12745 | D:9      | Noticed Psyche
 12747 | D:9      | Killed Psyche
 12834 | D:9      | Noticed a cyclops
 12835 | D:9      | Noticed a two-headed ogre
 12838 | D:9      | Reached skill level 5 in Evocations
 12860 | D:9      | Killed a two-headed ogre
 13530 | D:9      | Reached XP level 11. HP: 81/85 MP: 16/16
 14269 | D:9      | Found a sparkling altar of Nemelex Xobeh.
 14319 | D:10     | Entered Level 10 of the Dungeon
 14535 | D:10     | Reached skill level 12 in Polearms
 14935 | D:10     | Found Jalozyph's Weapon Boutique.
 14938 | D:10     | Got Uciluc's Disquisition on Damaging Flight
 15216 | D:10     | Identified the ring "Xeil" {Fly rElec rF+ Str+3}
 15572 | D:8      | Bought an amulet of faith for 480 gold pieces
 17030 | D:11     | Reached skill level 13 in Polearms
 18016 | D:11     | Noticed a five-headed hydra
 18021 | D:11     | Slain by a five-headed hydra

Illustrated notes

Levels and vault maps discovered:
D:1:      lemuel_arrival_behind_the_door_small, layout_rooms,
          hellmonk_ecumenical_altar_slurped_away
D:2:      layout_loops_ring, minmay_misc_feat_x, minmay_misc_feat_hallway,
          uniq_robin, uniq_jessica
D:3:      layout_basic
D:4:      layout_rooms, mainiacjoe_overflow_boulevard
D:5:      layout_rooms, chequers_temple_overflow_statue_of_worship,
          minmay_temple_entry_statues_pillars, serial_shops,
          nicolae_diamond_shop, nicolae_shop_overgrown_old_shop, shop, shop,
          shop, eino_tiny_chamber, dk_vineyard_3
D:6:      layout_basic, led_sif_book, moated_statue, minmay_microvault,
          uniq_edmund, uniq_sigmund, uniq_maggie, uniq_eustachio, uniq_pikel
D:7:      layout_basic, nzn_wu_jian_council_hall, minmay_crystal_room,
          serial_bayou_lagoon_a, uniq_joseph, uniq_crazy_yiuf_cottage
D:8:      layout_loops_corners, grunt_gozag_statues,
          lemuel_mausoleum_altar_yredelemnul, serial_shops, nicolae_square_shop,
          uniq_maurice
D:9:      layout_long_grid, kennysheep_mini_moat, erik_orc_4, uniq_psyche
D:10:     statuecave_lemuel, layout_loops_ring, serial_shops, shop
D:11:     layout_small_grid, minmay_lair_entry_grove, minmay_gold_behind_fungi
D:12:     layout_basic

Skill      XL: |  1  2  3  4  5  6  7  8  9 10 11 |
---------------+----------------------------------+-----
Polearms       | 3 4 5 6 7 9 11 13 | 13.6
Fighting       | 4 |  4.8
Armour         | 4 |  4.8
Bows           | 3 6 7 |  7.7
Invocations    | 3 7 9 |  9.0
Evocations     | 5 7 |  7.0
Shields        | |  3.6

Action                   |  1- 3 |  4- 6 |  7- 9 | 10-12 || total
-------------------------+-------+-------+-------+-------++-------
Melee: Trident           |    66 |   153 |   123 |   216 ||   558
       Headbutt          |    10 |    16 |    22 |    60 ||   108
 Fire: Shortbow          |       |     6 |   166 |   173 ||   345
Throw: Stone             |    13 |    28 |     5 |     6 ||    52
Evoke: Wand              |       |       |     1 |     8 ||     9
  Use: Potion            |       |     3 |     5 |     7 ||    15
       Scroll            |       |       |     9 |    10 ||    19
 Stab: Paralysed         |       |     1 |     8 |    12 ||    21
Armor: Scale mail        |    30 |    28 |       |       ||    58
       Chain mail        |       |    19 |   100 |   103 ||   222
       Skin              |       |       |    20 |       ||    20
       Plate armour      |       |       |     3 |    30 ||    33
Dodge: Dodged            |    13 |    38 |    70 |    79 ||   200
Block: Kite shield       |    28 |    70 |       |       ||    98

Table legend: (Time is in decaauts)
 A = Elapsed time spent in this place.
 B = Non-inter-level travel time spent in this place.
 C = Inter-level travel time spent in this place.
 D = Time resting spent in this place.
 E = Time spent auto-exploring this place.
 F = Levels seen in this place.
 G = Mean time per level.
                   A        B        C        D        E       F      G
               +--------+--------+--------+--------+--------+-----+--------+
         Total |  18061 |  17586 |    475 |   8334 |   6468 |  12 | 1505.1 |
       Dungeon |  18061 |  17586 |    475 |   8334 |   6468 |  12 | 1505.1 |
               +--------+--------+--------+--------+--------+-----+--------+

Top non-repeatable levels by time:
     D:8: 3447 daAuts
    D:10: 2931 daAuts
     D:6: 2164 daAuts
     D:9: 2097 daAuts
     D:5: 1952 daAuts
     D:2: 1596 daAuts
     D:3: 964 daAuts
     D:4: 881 daAuts
     D:7: 827 daAuts
    D:11: 657 daAuts
     D:1: 540 daAuts
    D:12: 1 daAuts
